[Event "XII Cracow ICC-A 2024"]
[Site "Krakow"]
[Date "2024.06.24"]
[Round "4.12"]
[White "Bogdanov, Egor"]
[Black "Aakash Sharadchandra, Dalvi"]
[Result "1-0"]
[ECO "B90"]
[WhiteElo "2433"]
[BlackElo "2291"]
[Annotator "TA"]
[PlyCount "73"]
[EventDate "2024.06.20"]
[EventType "swiss"]
[EventCountry "POL"]
[SourceTitle "playchess.com"]
[Source "ChessBase"]
[SourceQuality "1"]
[TimeControl "40/5400+30:1800+30"]

1. e4 c5 2. Nf3 d6 3. d4 cxd4 4. Nxd4 Nf6 5. Nc3 a6 6. Be3 e5 7. Nb3 Be6 8. f3 h5 9. Qd2 Nbd7 10. Nd5 Bxd5 11. exd5 g6 12. O-O-O {[%emt 0:00:55] White is slightly better.} Nb6 13. Qa5 Bh6 14. Bxh6 Rxh6 15. Qd2 Rh8 16. f4 exf4 ({But not} 16... Nfxd5 17. g3 exf4 18. Qd4 $16) ({Stronger than} 16... Nbxd5 17. fxe5 dxe5 18. Bc4 $16) 17. Qxf4 Kf8 18. Bd3 {[%emt 0:01:48] Hoping for Rhf1.} Kg7 19. Nd4 Re8 20. Rhf1 Re5 {[%emt 0:19:36] Repels Qg5} (20... Nbxd5 $5 21. Nf5+ gxf5 22. Qg5+ Kf8 $16) 21. c4 Qe7 22. h3 Re8 {[%emt 0:08:22] [#]} (22... Nbxd5 $11 23. cxd5 Nxd5) 23. Kb1 (23. Nf3 $1 $16) 23... Nbd7 (23... Nbxd5 $11 {remains equal.} 24. cxd5 Nxd5) 24. g4 {[%emt 0:01:52] White is much more active.} Nc5 25. Bc2 Nfe4 {[%emt 0:05:03] [#] This move loses the game for Black.} (25... a5 $16) 26. Nf3 $1 $18 hxg4 27. Nxe5 dxe5 28. Qxg4 Nf6 29. Qe2 e4 30. Qe3 {[%emt 0:00:43] d6 would now be deadly.} Ncd7 31. Rf4 Qe5 32. Rg1 b5 (32... Nb6 $142) 33. Rh4 Rh8 {[%emt 0:00:20] Inhibits Qh6+.} 34. Rxh8 Kxh8 35. cxb5 axb5 36. Re1 Qxd5 37. Bxe4 {[%emt 0:00:14] Weighted Error Value: White=0.13 (very precise) /Black=0.34.  Mistake:       	White=1     	Black=4      Inaccurate:     	White=2     	Black=2      OK:         	White=10    	Black=9      Best:        	White=1     	---        Strong:       	White=1     	---} 1-0

[Event "XII Cracow ICC-A 2024"]
[Site "Krakow"]
[Date "2024.06.24"]
[Round "4.13"]
[White "Hollan, Martin"]
[Black "Gierulski, Kamil"]
[Result "1-0"]
[ECO "B90"]
[WhiteElo "2373"]
[BlackElo "2242"]
[Annotator "RC"]
[PlyCount "129"]
[EventDate "2024.06.20"]
[EventType "swiss"]
[EventCountry "POL"]
[SourceTitle "playchess.com"]
[Source "ChessBase"]
[SourceQuality "1"]
[TimeControl "40/5400+30:1800+30"]

1. e4 c5 2. Nf3 d6 3. d4 cxd4 4. Nxd4 Nf6 5. Nc3 a6 6. a3 e5 7. Nf5 d5 8. Bg5 d4 9. Bxf6 gxf6 10. Nb1 Bxf5 11. exf5 Qd5 12. Qh5 Nd7 13. Nd2 O-O-O 14. f3 Nb6 15. Bd3 Qa5 16. Ke2 Nd5 17. g3 Qc7 18. Ne4 Kb8 19. Rab1 Rd7 20. Rhc1 h6 21. Kf2 Ka7 22. Kg1 Bg7 23. Kh1 Rc8 24. b4 Nc3 25. Nxc3 Qxc3 26. b5 a5 27. b6+ Kb8 28. a4 Bf8 29. Rd1 Bb4 30. Qxh6 Qc6 31. Be4 Qxb6 32. f4 d3 33. cxd3 Qe3 34. Qxf6 exf4 35. Qe5+ Ka7 36. Qxf4 Qxf4 37. gxf4 Rc2 38. Rdc1 Rf2 39. Rf1 Ra2 40. Ra1 Rb2 41. Rg1 Bc3 42. Rac1 Bd2 43. Rb1 Rxb1 44. Rxb1 Bxf4 45. Rb5 Ka6 46. f6 Be3 47. h4 Bd4 48. h5 Bxf6 49. h6 Rd4 50. Bxb7+ Ka7 51. Be4 Rxa4 52. h7 Ka6 53. Rh5 Bh8 54. Rg5 Rd4 55. Rg8 Bf6 56. h8=Q Bxh8 57. Rxh8 a4 58. Kg2 Kb5 59. Kf3 Kb4 60. Ke3 Rd6 61. Kd2 Ra6 62. Rb8+ Kc5 63. Kc3 a3 64. d4+ Kd6 65. Ra8 1-0

[Event "XII Cracow ICC-A 2024"]
[Site "Krakow"]
[Date "2024.06.24"]
[Round "4.14"]
[White "Marszalek, Maciej"]
[Black "Apoorv Kamble"]
[Result "1-0"]
[ECO "A21"]
[WhiteElo "2255"]
[BlackElo "2369"]
[Annotator "RC"]
[PlyCount "155"]
[EventDate "2024.06.20"]
[EventType "swiss"]
[EventCountry "POL"]
[SourceTitle "playchess.com"]
[Source "ChessBase"]
[SourceQuality "1"]
[TimeControl "40/5400+30:1800+30"]

1. c4 e5 2. Nc3 Bb4 3. g3 Bxc3 4. bxc3 d6 5. Bg2 Ne7 6. e4 Nbc6 7. Ne2 O-O 8. d3 f5 9. f3 fxe4 10. fxe4 Bg4 11. h3 Bf3 12. O-O Bxg2 13. Rxf8+ Qxf8 14. Kxg2 Qf7 15. Ng1 a6 16. a4 Rf8 17. Be3 Na5 18. Rb1 Qg6 19. Qc2 Qe8 20. Nf3 b6 21. Nd2 Qd7 22. Rf1 Rxf1 23. Nxf1 Ng6 24. Bf2 Nf8 25. Ne3 Ne6 26. Nd5 Ng5 27. g4 Ne6 28. Be3 Nb7 29. d4 Na5 30. Qa2 Qf7 31. Qe2 Qe8 32. Qf1 Qf7 33. Qd3 h6 34. dxe5 dxe5 35. c5 Qe8 36. cxb6 cxb6 37. Nxb6 Nb7 38. Qd5 Nbd8 39. Qxe5 Qc6 40. c4 Nf7 41. Qd5 Nf4+ 42. Bxf4 Qxb6 43. c5 Qb2+ 44. Bd2 Kh8 45. Qd3 Qa2 46. Qd5 Qc2 47. Qxf7 Qxd2+ 48. Qf2 Qc3 49. Qf8+ Kh7 50. Qf5+ Kh8 51. Qc8+ Kh7 52. Qxa6 Qxc5 53. Qd3 Kh8 54. h4 Qc8 55. Qe2 Qc5 56. h5 Qc3 57. Qf2 Qb4 58. Qc2 Qa3 59. a5 Qd6 60. Qe2 Qd4 61. a6 Kh7 62. e5 Qd5+ 63. Kh2 Qa5 64. Kh3 Kg8 65. Kg3 Kf8 66. a7 Ke7 67. Qe3 Ke8 68. Kh3 Qa1 69. e6 Qh1+ 70. Kg3 Qa1 71. Qf2 Ke7 72. Qc5+ Kxe6 73. Qc6+ Ke5 74. a8=Q Qe1+ 75. Kg2 Qe2+ 76. Kh3 Qf1+ 77. Qg2 Qd3+ 78. Qaf3 1-0

[Event "XII Cracow ICC-A 2024"]
[Site "Krakow"]
[Date "2024.06.24"]
[Round "4.15"]
[White "Nguyen, Piotr"]
[Black "Jake Shanty"]
[Result "1-0"]
[ECO "E07"]
[WhiteElo "2426"]
[BlackElo "2217"]
[Annotator "RC"]
[PlyCount "113"]
[EventDate "2024.06.20"]
[EventType "swiss"]
[EventCountry "POL"]
[SourceTitle "playchess.com"]
[Source "ChessBase"]
[SourceQuality "1"]
[TimeControl "40/5400+30:1800+30"]

1. d4 Nf6 2. c4 c6 3. Nc3 d5 4. Nf3 e6 5. g3 Be7 6. Bg2 O-O 7. O-O Nbd7 8. Qd3 b6 9. e4 Ba6 10. b3 Rc8 11. a4 dxe4 12. Nxe4 c5 13. Rd1 Bb7 14. Nxf6+ Bxf6 15. Ng5 Bxg5 16. Bxb7 Rc7 17. Bg2 cxd4 18. Bxg5 Qxg5 19. Qxd4 Qe7 20. a5 Nc5 21. axb6 axb6 22. Qe3 h6 23. h4 Nd7 24. Qf4 Nf6 25. Rd6 Rb8 26. Ra6 e5 27. Qd2 Nd7 28. Bh3 Nc5 29. Raxb6 Rcb7 30. Rxb7 Qxb7 31. Rd8+ Rxd8 32. Qxd8+ Kh7 33. h5 Qe4 34. Qc8 Qe1+ 35. Kg2 Ne4 36. Qf5+ Kg8 37. Qc8+ Kh7 38. Bf5+ g6 39. hxg6+ Kg7 40. Bxe4 Qxe4+ 41. Kh2 Kxg6 42. b4 f5 43. b5 Qd4 44. Qe8+ Kf6 45. Qc6+ Kg5 46. Kg2 f4 47. Qd5 Qb2 48. Qg8+ Kf5 49. Qh7+ Kg5 50. Qg7+ Kf5 51. gxf4 Kxf4 52. Qxh6+ Kf5 53. b6 Qd4 54. Qh3+ Kf6 55. b7 Qe4+ 56. Qf3+ Qxf3+ 57. Kxf3 1-0

[Event "XII Cracow ICC-A 2024"]
[Site "Krakow"]
[Date "2024.06.24"]
[Round "4.16"]
[White "Pyrig, Roman"]
[Black "Chatalbashev, Boris"]
[Result "0-1"]
[ECO "B06"]
[WhiteElo "2260"]
[BlackElo "2483"]
[Annotator "TA"]
[PlyCount "78"]
[EventDate "2024.06.20"]
[EventType "swiss"]
[EventCountry "POL"]
[SourceTitle "playchess.com"]
[Source "ChessBase"]
[SourceQuality "1"]
[TimeControl "40/5400+30:1800+30"]

1. e4 g6 2. d4 Bg7 3. Nf3 d6 4. Be3 b6 5. Qd2 Bb7 6. Nc3 Nd7 7. h4 h6 ({Black should play} 7... Ngf6 $14) 8. O-O-O {[%emt 0:01:34] White is better.} e6 9. Kb1 Ne7 10. Nh2 d5 11. e5 ({Better is} 11. exd5 $1 $16 Nxd5 12. Nxd5 Bxd5 13. h5) 11... Nf5 $14 {[%emt 0:01:48][%cal Oa7a6] [#]} 12. h5 $1 g5 13. Bd3 {[%emt 0:01:25] Black must now prevent Bxf5.} Nxe3 14. fxe3 O-O $1 15. Ng4 c5 16. Bb5 f5 17. exf6 Nxf6 18. Ne5 {[%emt 0:00:35] This move loses the game for White.} (18. Be2 $11 {and White is okay.}) 18... c4 $1 $19 19. Bc6 Bxc6 20. Nxc6 Qe8 21. Ne5 {[%emt 0:00:29] [#]} b5 $1 22. Rdf1 b4 $36 {[%emt 0:00:48][%mdl 2048] Black is on the roll.} (22... Nxh5 23. Rxf8+ Bxf8 24. Ng4 $11) 23. Ne2 {[%emt 0:00:04] [#]} (23. Nd1 $142) 23... Ne4 $1 (23... Nxh5 24. Rxf8+ Bxf8 25. Ng4 $11) 24. Rxf8+ ({Don't play} 24. Qxb4 Rxf1+ 25. Rxf1 c3 $19 (25... Qxh5 26. Re1 $15)) 24... Qxf8 25. Qe1 {[%emt 0:00:02] [#]} c3 $1 {[%emt 0:09:09][%mdl 512] And now ...Bxe5 would win.} 26. Nd3 (26. Nd7 Qc8) 26... a5 27. Ng3 (27. Nc5 $142) 27... Nd2+ 28. Kc1 a4 29. Kd1 Ne4 {[%emt 0:02:31][%cal Ob4b3] aiming for ...b3!} 30. Ke2 cxb2 31. Nxe4 dxe4 32. Nxb2 Rc8 33. Qd2 Qe8 {[%emt 0:00:37] Strongly threatening ...a3.} 34. Rf1 (34. Kf2 $142 a3 35. Nd1) 34... a3 35. Nd1 Qa4 36. c3 bxc3 37. Qc1 Qc4+ {[%emt 0:02:55] Black mates.} 38. Ke1 c2 39. Nf2 Rb8 {[%emt 0:01:00] Weighted Error Value: White=0.54/Black=0.14 (very precise) .  Mistake:       	White=5     	Black=1      Inaccurate:     	White=4     	Black=3      OK:         	White=8     	Black=12     Best:        	White=2     	Black=2      Strong:       	---       	Black=4} (39... Bf8 $142 40. Nxe4 Bb4+ (40... Qxa2 $2 41. Nf6+ Kh8 42. Kf2 $19) 41. Kf2 Rf8+ (41... Qxa2 $2 42. Nf6+ Kg7 43. Kg3 $19) 42. Kg1 Qxf1+ (42... Qxa2 $2 43. Kh2 $19) (42... Rxf1+ {leads to mate.} 43. Qxf1 c1=Q 44. Qxc1 Qxc1+ 45. Kf2 Qe1+ 46. Kf3 Qf1+ 47. Kg3 Qf5 48. Kh2 Qxe4 49. g3 Qxe3 50. Kg2 g4 51. Kh1 Qxg3 52. d5 Qh3+ 53. Kg1 Bc5#) 43. Qxf1 Rxf1+ 44. Kxf1 c1=Q+ (44... c1=R+ $2 45. Ke2 $19) 45. Kf2 Qe1+ 46. Kf3 Qf1+ (46... Qd1+ {gets mated.} 47. Kg3 Qg1 48. Kf3 Qf1+ 49. Kg3 Qf5 50. Kh2 Qxe4 51. g3 Qc2+ 52. Kh1 Qxa2 53. e4 Qe2 54. Kg1 a2 55. Kh1 a1=Q#) 47. Kg3 Qf5 48. Kh2 Qxe4 49. g3 Qc2+ (49... Qxe3 50. Kg2 g4 51. Kh1 Qxg3 52. d5 Qh3+ 53. Kg1 Bc5#) 50. Kh1 Qxa2 51. e4 Qe2 52. Kg1 a2 53. Kh1 a1=Q#) 0-1

[Event "XII Cracow ICC-A 2024"]
[Site "Krakow"]
[Date "2024.06.24"]
[Round "4.17"]
[White "Aarav Dengla"]
[Black "Damen, Jip"]
[Result "1/2-1/2"]
[ECO "C07"]
[WhiteElo "2395"]
[BlackElo "2259"]
[Annotator "RC"]
[PlyCount "107"]
[EventDate "2024.06.20"]
[EventType "swiss"]
[EventCountry "POL"]
[SourceTitle "playchess.com"]
[Source "ChessBase"]
[SourceQuality "1"]
[TimeControl "40/5400+30:1800+30"]

1. e4 e6 2. d4 d5 3. Nd2 c5 4. Ngf3 cxd4 5. Nxd4 Nc6 6. Bb5 Bd7 7. Nxc6 bxc6 8. Bd3 Qc7 9. Qe2 Ne7 10. Nf3 Ng6 11. e5 c5 12. c3 Be7 13. O-O O-O 14. Re1 Rab8 15. h4 f5 16. exf6 gxf6 17. Qc2 f5 18. h5 Nf4 19. Ne5 Nxh5 20. Bh6 Ng7 21. c4 Bf6 22. Bf4 Nh5 23. Bh2 Qb7 24. Nxd7 Qxd7 25. Bxb8 Rxb8 26. cxd5 Nf4 27. Bf1 Qg7 28. dxe6 Nh3+ 29. Kh1 Nxf2+ 30. Qxf2 Qh6+ 31. Kg1 Bd4 32. Qxd4 cxd4 33. e7 Kf7 34. Bb5 d3 35. e8=Q+ Rxe8 36. Bxe8+ Kf8 37. Rad1 Qb6+ 38. Kf1 Qh6 39. Kg1 Qb6+ 40. Kf1 Qh6 41. Rxd3 Qa6 42. Ree3 f4 43. Rh3 Kxe8 44. a3 h6 45. b4 Kf7 46. Kg1 Kg6 47. Rd5 Qb6+ 48. Kh2 Qc7 49. Rc5 Qd6 50. Rhc3 f3+ 51. Kh3 Qe6+ 52. Kh2 Qd6+ 53. Kh3 Qe6+ 54. Kh2 1/2-1/2

[Event "XII Cracow ICC-A 2024"]
[Site "Krakow"]
[Date "2024.06.24"]
[Round "4.18"]
[White "Mahitosh Dey"]
[Black "Alexiadis, Hristos"]
[Result "1-0"]
[ECO "B92"]
[WhiteElo "2232"]
[BlackElo "2378"]
[Annotator "RC"]
[PlyCount "65"]
[EventDate "2024.06.20"]
[EventType "swiss"]
[EventCountry "POL"]
[SourceTitle "playchess.com"]
[Source "ChessBase"]
[SourceQuality "1"]
[TimeControl "40/5400+30:1800+30"]

1. e4 c5 2. Nf3 d6 3. d4 cxd4 4. Nxd4 Nf6 5. Nc3 a6 6. Be2 e5 7. Nb3 Be7 8. Be3 Be6 9. Qd3 O-O 10. Nd5 Nbd7 11. O-O-O Bxd5 12. exd5 Nb6 13. Bf3 Nfd7 14. Be4 g6 15. g4 Bg5 16. h4 Bxe3+ 17. Qxe3 Nc4 18. Qe2 b5 19. g5 Rc8 20. Kb1 Nc5 21. Nxc5 Rxc5 22. h5 Rc7 23. Qg4 Re7 24. Rd3 Qa5 25. c3 b4 26. hxg6 fxg6 27. Bxg6 hxg6 28. Qxc4 bxc3 29. Rxc3 Rb7 30. Rch3 Rg7 31. Rh8+ Kf7 32. Rxf8+ Kxf8 33. Qc8+ 1-0

[Event "XII Cracow ICC-A 2024"]
[Site "Krakow"]
[Date "2024.06.24"]
[Round "4.19"]
[White "Jaskolka, Tomasz"]
[Black "Turski, Bartlomiej"]
[Result "1/2-1/2"]
[ECO "E62"]
[WhiteElo "2249"]
[BlackElo "2334"]
[Annotator "RC"]
[PlyCount "107"]
[EventDate "2024.06.20"]
[EventType "swiss"]
[EventCountry "POL"]
[SourceTitle "playchess.com"]
[Source "ChessBase"]
[SourceQuality "1"]
[TimeControl "40/5400+30:1800+30"]

1. d4 Nf6 2. c4 g6 3. g3 Bg7 4. Bg2 d6 5. Nc3 O-O 6. Nf3 Nc6 7. O-O Bg4 8. d5 Na5 9. b3 c5 10. Qe1 a6 11. e4 b5 12. Bd2 b4 13. Na4 Bd7 14. e5 Ng4 15. h3 Nxe5 16. Nxe5 Bxa4 17. Ng4 Bd7 18. Nh6+ Kh8 19. Qe2 Rc8 20. Rad1 e5 21. h4 f5 22. Bg5 Qe8 23. Kh2 Nb7 24. Rh1 Nd8 25. Kg1 Nf7 26. Nxf7+ Qxf7 27. h5 Kg8 28. hxg6 Qxg6 29. Qh5 Qxh5 30. Rxh5 Be8 31. Rh4 Bf6 32. Bxf6 Rxf6 33. f4 e4 34. Kf2 a5 35. g4 fxg4 36. Rxg4+ Kf8 37. Re1 Bg6 38. Bxe4 Re8 39. Bxg6 Rxe1 40. Kxe1 hxg6 41. Ke2 Kg7 42. Kf3 Rf7 43. Rg1 Kf6 44. Rh1 Kg7 45. Rg1 Kf6 46. Ra1 Rh7 47. Re1 Re7 48. Rxe7 Kxe7 49. Kg3 Kf6 50. Kg4 Kf7 51. Kh4 Kf6 52. Kg4 Kf7 53. Kg5 Kg7 54. f5 1/2-1/2

[Event "XII Cracow ICC-A 2024"]
[Site "Krakow"]
[Date "2024.06.24"]
[Round "4.20"]
[White "Gorkiewicz, Mateusz"]
[Black "Chojnacki, Krzysztof"]
[Result "1-0"]
[ECO "B53"]
[WhiteElo "2223"]
[BlackElo "2311"]
[Annotator "RC"]
[PlyCount "63"]
[EventDate "2024.06.20"]
[EventType "swiss"]
[EventCountry "POL"]
[SourceTitle "playchess.com"]
[Source "ChessBase"]
[SourceQuality "1"]
[TimeControl "40/5400+30:1800+30"]

1. e4 c5 2. Nf3 d6 3. d4 cxd4 4. Qxd4 Nf6 5. Nc3 Nc6 6. Bb5 Bd7 7. Bxc6 Bxc6 8. Bg5 e6 9. O-O-O Be7 10. Rhe1 O-O 11. Kb1 Qc7 12. Qd2 Rfd8 13. Nd4 Rab8 14. f3 b5 15. g4 b4 16. Nce2 Be8 17. Ng3 Rdc8 18. Rg1 Qc3 19. Qc1 Qc5 20. h4 a5 21. Nh5 Qe5 22. f4 Qxe4 23. Bxf6 Bxf6 24. Nxf6+ gxf6 25. f5 e5 26. g5 Kh8 27. gxf6 Bd7 28. Qh6 Rg8 29. Rg7 Bxf5 30. Nxf5 Qxf5 31. Rdg1 Rgc8 32. R7g2 1-0

[Event "XII Cracow ICC-A 2024"]
[Site "Krakow"]
[Date "2024.06.24"]
[Round "4.21"]
[White "Mikrut, Dariusz"]
[Black "Berin, Artem"]
[Result "1/2-1/2"]
[ECO "E01"]
[WhiteElo "2309"]
[BlackElo "2234"]
[Annotator "RC"]
[PlyCount "189"]
[EventDate "2024.06.20"]
[EventType "swiss"]
[EventCountry "POL"]
[SourceTitle "playchess.com"]
[Source "ChessBase"]
[SourceQuality "1"]
[TimeControl "40/5400+30:1800+30"]

1. d4 Nf6 2. g3 d5 3. Bg2 e6 4. c4 h6 5. Nf3 Bd6 6. Nbd2 O-O 7. O-O b6 8. b3 Bb7 9. Bb2 Nbd7 10. Rc1 Rc8 11. cxd5 exd5 12. Ne5 c5 13. Nxd7 Nxd7 14. Nc4 dxc4 15. Bxb7 Rc7 16. Bg2 cxb3 17. Qxb3 Qe7 18. e3 Rfc8 19. dxc5 Nxc5 20. Qd5 Rd8 21. Qf5 Qe6 22. Qxe6 Nxe6 23. Rfd1 Rxc1 24. Rxc1 Bc5 25. Bc3 Kf8 26. h4 Ke7 27. Bh3 f6 28. Bf5 Ba3 29. Rc2 Rd5 30. Be4 Rc5 31. Kf1 Rc7 32. Ke2 Bd6 33. f4 Nc5 34. Bf5 Kf7 35. h5 Ne6 36. Bg6+ Ke7 37. Kf3 Rc5 38. g4 Rc7 39. Bf5 Rc5 40. Ba1 Rxc2 41. Bxc2 Bc5 42. Bf5 a5 43. Ke4 Kd6 44. a4 Nc7 45. g5 Nd5 46. gxh6 gxh6 47. Bd4 Bxd4 48. Kxd4 Nc7 49. Bd3 Ne6+ 50. Kc4 Nc7 51. Be4 Ke6 52. Bd3 Kd6 53. Be4 Ke6 54. Bg6 Kd6 55. Bf7 Kd7 56. e4 Ke7 57. Bd5 Kd6 58. Bg8 Ke7 59. e5 fxe5 60. fxe5 Kd7 61. Bd5 Ke7 62. Bc6 Ne6 63. Bf3 Nc5 64. Bd1 Ke6 65. Kd4 Ke7 66. Kd5 Kd7 67. Be2 Ke7 68. Bb5 Ne6 69. Ke4 Ng7 70. Be2 Ne6 71. Bd1 Nc7 72. Kf5 b5 73. axb5 Nxb5 74. Kg6 Ke6 75. Kxh6 Kxe5 76. Kg6 Nc7 77. Bb3 Ne8 78. h6 Nf6 79. Bf7 a4 80. Ba2 a3 81. Bf7 Nd7 82. Kg7 Nf6 83. Kg6 Nd7 84. Kg7 Nf6 85. Ba2 Kf5 86. Bb3 Ke5 87. Kg6 Nd7 88. Ba2 Nf6 89. Bb1 Ke6 90. Kg7 Ne8+ 91. Kf8 Nf6 92. Ba2+ Kf5 93. Kg7 Kg5 94. h7 Nxh7 95. Kxh7 1/2-1/2

[Event "XII Cracow ICC-A 2024"]
[Site "Krakow"]
[Date "2024.06.24"]
[Round "4.22"]
[White "Kracht, Raphael"]
[Black "Brzezina, Piotr"]
[Result "0-1"]
[ECO "B22"]
[WhiteElo "2199"]
[BlackElo "2298"]
[Annotator "RC"]
[PlyCount "104"]
[EventDate "2024.06.20"]
[EventType "swiss"]
[EventCountry "POL"]
[SourceTitle "playchess.com"]
[Source "ChessBase"]
[SourceQuality "1"]
[TimeControl "40/5400+30:1800+30"]

1. e4 c5 2. c3 Nf6 3. e5 Nd5 4. Bc4 Nb6 5. Bb3 Nc6 6. Nf3 d5 7. exd6 Qxd6 8. O-O Be6 9. Bxe6 Qxe6 10. a4 Qd7 11. a5 Nd5 12. a6 b6 13. d4 cxd4 14. Nxd4 e6 15. Nb5 Nc7 16. Qxd7+ Kxd7 17. Rd1+ Kc8 18. c4 Bb4 19. Be3 Rd8 20. Rxd8+ Kxd8 21. N1c3 Bxc3 22. Rd1+ Bd4 23. Bxd4 Nxd4 24. Rxd4+ Kc8 25. Nd6+ Kd7 26. Nxf7+ Ke8 27. Ne5 Rd8 28. Rxd8+ Kxd8 29. Nc6+ Kd7 30. Nxa7 Nxa6 31. Kf1 Nc5 32. Ke2 Na4 33. b3 Nc5 34. b4 Na6 35. b5 Nb8 36. Ke3 Kc7 37. Ke4 Kb7 38. Ke5 Kxa7 39. Kxe6 Kb7 40. f4 Kc7 41. g4 Nd7 42. f5 Nf6 43. h3 Kd8 44. Kf7 Ne8 45. g5 Kd7 46. f6 gxf6 47. gxf6 Nd6+ 48. Kg7 Ke6 49. Kxh7 Kxf6 50. h4 Nxc4 51. h5 Nd6 52. Kh6 Nxb5 0-1

[Event "XII Cracow ICC-A 2024"]
[Site "Krakow"]
[Date "2024.06.24"]
[Round "4.23"]
[White "Eliseev, Sergey"]
[Black "Kutowski, Marcel"]
[Result "0-1"]
[ECO "B90"]
[WhiteElo "2296"]
[BlackElo "2230"]
[Annotator "RC"]
[PlyCount "86"]
[EventDate "2024.06.20"]
[EventType "swiss"]
[EventCountry "POL"]
[SourceTitle "playchess.com"]
[Source "ChessBase"]
[SourceQuality "1"]
[TimeControl "40/5400+30:1800+30"]

1. e4 c5 2. Nf3 d6 3. d4 cxd4 4. Nxd4 Nf6 5. Nc3 a6 6. a4 e5 7. Nf3 h6 8. g3 Be7 9. Bg2 Be6 10. O-O O-O 11. Re1 Qc7 12. Be3 Nbd7 13. Nh4 Rfc8 14. Nf5 Bf8 15. Qf3 b5 16. axb5 axb5 17. Rac1 b4 18. Nd5 Bxd5 19. exd5 Ra2 20. b3 e4 21. Qd1 Rxc2 22. Qd4 Qc3 23. Qxc3 R2xc3 24. Rb1 Ne5 25. Bd4 Rd3 26. Bxe4 Nxe4 27. Rxe4 Nf3+ 28. Kg2 g6 29. Re3 Rxd4 30. Nxd4 Nxd4 31. Re4 Bg7 32. Re7 Nf5 33. Re4 Bc3 34. Rd1 Kf8 35. Kf3 Rc5 36. Rc4 Rxc4 37. bxc4 Nd4+ 38. Ke4 Nb3 39. Kd3 Nc5+ 40. Kc2 Bf6 41. f4 b3+ 42. Kb1 Ne4 43. Rd3 Bc3 0-1

[Event "XII Cracow ICC-A 2024"]
[Site "Krakow"]
[Date "2024.06.24"]
[Round "4.24"]
[White "Dziewonski, Dariusz"]
[Black "Garbuz, Vitaliy"]
[Result "1-0"]
[ECO "B30"]
[WhiteElo "2293"]
[BlackElo "2205"]
[Annotator "RC"]
[PlyCount "87"]
[EventDate "2024.06.20"]
[EventType "swiss"]
[EventCountry "POL"]
[SourceTitle "playchess.com"]
[Source "ChessBase"]
[SourceQuality "1"]
[TimeControl "40/5400+30:1800+30"]

1. e4 c5 2. Nf3 Nc6 3. Bb5 e6 4. O-O Nge7 5. Re1 a6 6. Bf1 d5 7. exd5 Qxd5 8. Na3 Nf5 9. Nc4 Qd8 10. Nce5 Nxe5 11. Nxe5 Be7 12. g3 O-O 13. Bg2 Qc7 14. d3 f6 15. Nc4 Bd7 16. a4 e5 17. a5 Bc6 18. Be4 Bxe4 19. dxe4 Rad8 20. Qg4 Nd4 21. Ne3 Qd7 22. Qxd7 Rxd7 23. Kg2 Bd8 24. b3 g6 25. Bb2 f5 26. Bxd4 exd4 27. Nc4 fxe4 28. Rxe4 d3 29. cxd3 Rxd3 30. Re3 Rxe3 31. fxe3 Bc7 32. Rd1 Rf7 33. Rd5 Rf5 34. Rd7 Rf7 35. Rd1 Rf6 36. e4 Rc6 37. Rd7 b5 38. axb6 Bxb6 39. e5 Bc7 40. Kf3 Bxe5 41. Nxe5 Rb6 42. Rd3 Rb4 43. Rc3 a5 44. Nd3 1-0